AoeStats
← kreegz

Arabia

509440717Analyzed
1v1 RM · 6d ago on Sep 26, 2026· 49m 58s· 2 players
Game mode
Random Map
Map size
Tiny (2 player)
Population
200
Speed
Normal
Resources
Standard
Victory
Conquest
Starting age
Dark Age
Ending age
Imperial Age
RankedLock teamsTeams togetherTeam positionsShared explorationLock speedFull tech treeHidden civsTurbo modeCheats
Victory
Defeat
🇺🇸 Turks · United States
1059
+15
1030
-15
Смерть буржуямъ
8:08 Loom
10:16 Feudal Age
14:30 Castle Age
14:44 Double-Bit Axe
14:51 Gold Mining
17:38 Town Watch
25:44 Wheelbarrow
27:48 Hand Cart
28:05 Bow Saw
27:43 Horse Collar
28:21 Fletching
29:16 Heavy Plow
29:43 Fervor
29:54 Sanctity
29:40 Circumnavigation
29:51 Bodkin Arrow
30:46 Caravan
34:05 Murder Holes
34:22 Masonry
34:34 Ballistics
34:57 Fortified Wall
35:47 Town Patrol
38:34 Imperial Age
36:44 Treadmill Crane
39:57 Architecture
40:28 Chemistry
38:54 Elite Organ Gun
39:56 Conscription
40:39 Arquebus
45:47 Siege Engineers
45:51 Bracer
kreegz
10:05 Feudal Age
8:23 Loom
10:48 Double-Bit Axe
19:29 Castle Age
21:49 Wheelbarrow
28:14 Bow Saw
30:18 Hand Cart
34:22 Imperial Age
32:53 Stone Mining
32:54 Gold Mining
34:01 Ballistics
33:24 Treadmill Crane
33:57 Masonry
36:43 Two-Man Saw
36:10 Artillery
38:16 Capped Ram
40:04 Gold Shaft Mining
42:20 Bombard Tower
42:31 Architecture
41:57 Murder Holes
42:45 Conscription
44:34 Elite Janissary
46:44 Hoardings
45:49 Heavy Camel Rider
46:40 Bloodlines
46:31 Husbandry
47:52 Scale Barding Armor
47:58 Forging
Connection lost

Rejoining the realm…

Still unreachable

The connection could not be restored.

Session expired

The server has moved on; the page needs a fresh start.